TOP OF THE 1ST |
Virginia Beach Whales batting - Pitching for Providence Pilgrims : RHP Rick Hubbard
|
Pitching: RHP Rick Hubbard
|
|
Batting: RHB Jessie Gibbs
|
0-0: Ball 1-0: Swinging Strike 1-1: Foul Ball, location: 2F 1-2: Ball 2-2: DOUBLE (Line Drive, 3D, EV 103.8 MPH)
|
Batting: LHB Kalino Iolana
|
0-0: Called Strike 0-1: Fly out, F9 (Flyball, 9S, EV 73.1 MPH)
|
Batting: RHB Óscar Cardozo
|
0-0: SINGLE (Groundball, 34S, EV 79.4 MPH) (infield hit) Jessie Gibbs to third
|
Batting: RHB Todd Walker
|
0-0: SINGLE (Groundball, 6S, EV 88.8 MPH) (infield hit) Jessie Gibbs scores Óscar Cardozo to second
|
Batting: RHB Paul Pitts
|
0-0: Called Strike 0-1: Called Strike 0-2: Foul Ball, location: 2F 0-2: Ball 1-2: Grounds into double play, 6-4-3 (Groundball, 6, EV 76.9 MPH)
|
Top of the 1st over - 1 run, 3 hits, 0 errors, 1 left on base; Virginia Beach 1 - Providence 0 |
BOTTOM OF THE 1ST |
Providence Pilgrims batting - Pitching for Virginia Beach Whales : RHP Daryl Benstead
|
Pitching: RHP Daryl Benstead
|
|
Batting: LHB David Davis
|
0-0: Swinging Strike 0-1: Swinging Strike 0-2: Ball 1-2: Ball 2-2: Ball 3-2: DOUBLE (Line Drive, 9LM, EV 101.9 MPH)
|
Batting: RHB Carlos González
|
0-0: Foul Ball, location: 2F 0-1: Ball 1-1: Called Strike 1-2: Foul Ball, location: 2F 1-2: Ground out 6-3 (Groundball, 6MS, EV 91.9 MPH) David Davis to third
|
Batting: LHB César Valtez
|
0-0: Called Strike 0-1: Foul Ball, location: 2F 0-2: Ball 1-2: Ball 2-2: Strikes out swinging
|
Batting: RHB Gabriel Méndez
|
0-0: Foul Ball, location: 2F 0-1: Swinging Strike 0-2: Ball 1-2: Ball 2-2: Ball 3-2: Foul Ball, location: 2F 3-2: Ground out 6-3 (Groundball, 6, EV 103.1 MPH)
|
Bottom of the 1st over - 0 runs, 1 hit, 0 errors, 1 left on base; Virginia Beach 1 - Providence 0 |
TOP OF THE 2ND |
Virginia Beach Whales batting - Pitching for Providence Pilgrims : RHP Rick Hubbard
|
Batting: LHB Asberry Harpending
|
0-0: Foul Ball, location: 2F 0-1: Swinging Strike 0-2: Ball 1-2: Ground out 6-3 (Groundball, 6MS, EV 67.5 MPH)
|
Batting: RHB Juan Oleastro
|
0-0: Ball 1-0: Foul Ball, location: 2F 1-1: Ball 2-1: SINGLE (Groundball, 6, EV 88.8 MPH) (infield hit)
|
Batting: RHB Roberto González
|
0-0: Foul Ball, location: 2F 0-1: Ball 1-1: Ball 2-1: Swinging Strike 2-2: Foul Ball, location: 2F 2-2: SINGLE (Groundball, 56, EV 106.2 MPH) (infield hit) Juan Oleastro to second
|
Batting: RHB Nick Harper
|
0-0: Foul Ball, location: 2F 0-1: Called Strike 0-2: Ball 1-2: Strikes out swinging
|
Batting: RHB Jessie Gibbs
|
0-0: Foul Ball, location: 2F 0-1: Called Strike 0-2: Ball 1-2: Ball 2-2: Foul Ball, location: 2F 2-2: Ball 3-2: Strikes out looking
|
Top of the 2nd over - 0 runs, 2 hits, 0 errors, 2 left on base; Virginia Beach 1 - Providence 0 |
BOTTOM OF THE 2ND |
Providence Pilgrims batting - Pitching for Virginia Beach Whales : RHP Daryl Benstead
|
Batting: RHB Chris Hall
|
0-0: Fly out, F7 (Flyball, 7, EV 81.2 MPH)
|
Batting: RHB Frank Ray
|
0-0: Called Strike 0-1: Called Strike 0-2: Ball 1-2: Ground out 5-3 (Groundball, 56S, EV 62.5 MPH)
|
Batting: RHB Julián Vélez
|
0-0: Fly out, F8 (Line Drive, 8RM, EV 95.0 MPH)
|
Bottom of the 2nd over - 0 runs, 0 hits, 0 errors, 0 left on base; Virginia Beach 1 - Providence 0 |
TOP OF THE 3RD |
Virginia Beach Whales batting - Pitching for Providence Pilgrims : RHP Rick Hubbard
|
Batting: LHB Kalino Iolana
|
0-0: Ground out 5-3 (Groundball, 56S, EV 83.8 MPH)
|
Batting: RHB Óscar Cardozo
|
0-0: Ball 1-0: Ball 2-0: Fly out, F4 (Popup, 34S, EV 70.6 MPH)
|
Batting: RHB Todd Walker
|
0-0: DOUBLE (Line Drive, 8LXD, EV 101.9 MPH)
|
Batting: RHB Paul Pitts
|
0-0: Called Strike 0-1: Ball 1-1: Foul Ball, location: 2F 1-2: Hit by Pitch
|
Batting: LHB Asberry Harpending
|
0-0: Ball 1-0: Called Strike 1-1: Ground out 4-3 (Groundball, 4, EV 77.5 MPH)
|
Top of the 3rd over - 0 runs, 1 hit, 0 errors, 2 left on base; Virginia Beach 1 - Providence 0 |
BOTTOM OF THE 3RD |
Providence Pilgrims batting - Pitching for Virginia Beach Whales : RHP Daryl Benstead
|
Batting: RHB Gilberto Ortíz
|
0-0: Called Strike 0-1: Swinging Strike 0-2: Ball 1-2: Foul Ball, location: 2F 1-2: Fly out, F8 (Line Drive, 8LD, EV 93.1 MPH)
|
Batting: RHB Jesse McCoy
|
0-0: Ground out 4-3 (Groundball, 4M, EV 96.9 MPH)
|
Batting: LHB David Davis
|
0-0: Ball 1-0: Foul Ball, location: 2F 1-1: Ball 2-1: Ball 3-1: Base on Balls
|
Batting: RHB Carlos González
|
0-0: Ball 1-0: SINGLE (Groundball, 4D, EV 103.1 MPH) David Davis to second Runner from 2nd tries for 3rd, SAFE, throw by CF made to third
|
Batting: LHB César Valtez
|
0-0: Foul Ball, location: 2F 0-1: Swinging Strike 0-2: Ball 1-2: Ground out 3-1 (Groundball, 3, EV 86.2 MPH)
|
Bottom of the 3rd over - 0 runs, 1 hit, 0 errors, 2 left on base; Virginia Beach 1 - Providence 0 |
TOP OF THE 4TH |
Virginia Beach Whales batting - Pitching for Providence Pilgrims : RHP Rick Hubbard
|
Batting: RHB Juan Oleastro
|
0-0: SINGLE (Groundball, 6, EV 81.2 MPH) (infield hit)
|
Batting: RHB Roberto González
|
0-0: Fly out, F8 (Flyball, 8RM, EV 91.9 MPH)
|
Batting: RHB Nick Harper
|
0-0: Ball 1-0: Foul Ball, location: 2F 1-1: Called Strike 1-2: Ball 2-2: Ball 3-2: Fielders Choice at 2nd, 1-6 (Groundball, 13S, EV 65.6 MPH)
|
Batting: RHB Jessie Gibbs
|
0-0: Foul Ball, location: 2F 0-1: Ball 1-1: Fly out, F7 (Flyball, 7D, EV 94.4 MPH)
|
Top of the 4th over - 0 runs, 1 hit, 0 errors, 1 left on base; Virginia Beach 1 - Providence 0 |
BOTTOM OF THE 4TH |
Providence Pilgrims batting - Pitching for Virginia Beach Whales : RHP Daryl Benstead
|
Batting: RHB Gabriel Méndez
|
0-0: Called Strike 0-1: Foul Ball, location: 2F 0-2: Strikes out swinging
|
Batting: RHB Chris Hall
|
0-0: Foul Ball, location: 2F 0-1: Ball 1-1: Foul Ball, location: 2F 1-2: Strikes out looking
|
Batting: RHB Frank Ray
|
0-0: Called Strike 0-1: Ball 1-1: Called Strike 1-2: Ball 2-2: Strikes out swinging
|
Bottom of the 4th over - 0 runs, 0 hits, 0 errors, 0 left on base; Virginia Beach 1 - Providence 0 |
TOP OF THE 5TH |
Virginia Beach Whales batting - Pitching for Providence Pilgrims : RHP Rick Hubbard
|
Batting: LHB Kalino Iolana
|
0-0: Ball 1-0: Ball 2-0: SOLO HOME RUN (Flyball, 9LD, EV 93.1 MPH), Distance : 335 ft
|
Batting: RHB Óscar Cardozo
|
0-0: Called Strike 0-1: Ground out 1-3 (Groundball, P, EV 94.4 MPH)
|
Batting: RHB Todd Walker
|
0-0: Called Strike 0-1: Ball 1-1: Ball 2-1: Swinging Strike 2-2: Foul Ball, location: 2F 2-2: Fly out, F9 (Flyball, 89S, EV 76.2 MPH)
|
Batting: RHB Paul Pitts
|
0-0: Ball 1-0: Called Strike 1-1: Ball 2-1: Swinging Strike 2-2: Strikes out swinging
|
Top of the 5th over - 1 run, 1 hit, 0 errors, 0 left on base; Virginia Beach 2 - Providence 0 |
BOTTOM OF THE 5TH |
Providence Pilgrims batting - Pitching for Virginia Beach Whales : RHP Daryl Benstead
|
Batting: RHB Julián Vélez
|
0-0: Ball 1-0: Ball 2-0: Called Strike 2-1: Ground out 5-3 (Groundball, 56, EV 86.9 MPH)
|
Batting: RHB Gilberto Ortíz
|
0-0: Ball 1-0: SINGLE (Line Drive, 78M, EV 95.6 MPH)
|
Batting: RHB Jesse McCoy
|
0-0: Grounds into double play, 5-4-3 (Groundball, 56S, EV 85.0 MPH)
|
Bottom of the 5th over - 0 runs, 1 hit, 0 errors, 0 left on base; Virginia Beach 2 - Providence 0 |
TOP OF THE 6TH |
Virginia Beach Whales batting - Pitching for Providence Pilgrims : RHP Rick Hubbard
|
Batting: LHB Asberry Harpending
|
0-0: Ball 1-0: Foul Ball, location: 2F 1-1: Ball 2-1: Fly out, F6 (Popup, 6S, EV 81.9 MPH)
|
Batting: RHB Juan Oleastro
|
0-0: Called Strike 0-1: Called Strike 0-2: Ball 1-2: Foul Ball, location: 2F 1-2: Strikes out swinging
|
Batting: RHB Roberto González
|
0-0: Called Strike 0-1: Foul Ball, location: 2F 0-2: Foul Ball, location: 2F 0-2: Fly out, F8 (Flyball, 8LXD, EV 91.9 MPH)
|
Top of the 6th over - 0 runs, 0 hits, 0 errors, 0 left on base; Virginia Beach 2 - Providence 0 |
BOTTOM OF THE 6TH |
Providence Pilgrims batting - Pitching for Virginia Beach Whales : RHP Daryl Benstead
|
Batting: LHB David Davis
|
0-0: Foul Ball, location: 2F 0-1: Fly out, F8 (Flyball, 8RD, EV 104.4 MPH)
|
Batting: RHB Carlos González
|
0-0: Foul Ball, location: 2F 0-1: Ball 1-1: Foul Ball, location: 2F 1-2: Ground out 6-3 (Groundball, 6, EV 90.6 MPH)
|
Batting: LHB César Valtez
|
0-0: Called Strike 0-1: Swinging Strike 0-2: Foul Ball, location: 2F 0-2: Fly out, F7 (Line Drive, 7, EV 91.2 MPH)
|
Bottom of the 6th over - 0 runs, 0 hits, 0 errors, 0 left on base; Virginia Beach 2 - Providence 0 |
TOP OF THE 7TH |
Virginia Beach Whales batting - Pitching for Providence Pilgrims : RHP Rick Hubbard
|
Batting: RHB Nick Harper
|
0-0: Foul Ball, location: 2F 0-1: Ball 1-1: Swinging Strike 1-2: Hit by Pitch
|
Batting: RHB Jessie Gibbs
|
0-0: Sac Bunt to 23 - play at first, batter OUT! 3-4 Nick Harper to second
|
Batting: LHB Kalino Iolana
|
0-0: Ball 1-0: SINGLE (Line Drive, 6MD, EV 96.9 MPH) Nick Harper to third Runner from 3rd tries for Home, SAFE, throw by CF to home
|
Batting: RHB Óscar Cardozo
|
0-0: Ball Kalino Iolana is caught stealing 2nd base 2-4 1-0: Ball 2-0: Swinging Strike 2-1: Swinging Strike 2-2: Foul Ball, location: 2F 2-2: Ball 3-2: Foul Ball, location: 2F 3-2: Foul Ball, location: 2F 3-2: Foul Ball, location: 2F 3-2: Strikes out swinging
|
Top of the 7th over - 1 run, 1 hit, 0 errors, 0 left on base; Virginia Beach 3 - Providence 0 |
BOTTOM OF THE 7TH |
Providence Pilgrims batting - Pitching for Virginia Beach Whales : RHP Daryl Benstead
|
Batting: RHB Gabriel Méndez
|
0-0: Ball 1-0: Ball 2-0: Ball 3-0: Called Strike 3-1: Swinging Strike 3-2: Ground out 6-3 (Groundball, 6S, EV 80.0 MPH)
|
Batting: RHB Chris Hall
|
0-0: Ball 1-0: Ball 2-0: Foul Ball, location: 2F 2-1: Foul Ball, location: 2F 2-2: Fly out, F8 (Flyball, 8LM, EV 90.6 MPH)
|
Batting: RHB Frank Ray
|
0-0: Ball 1-0: Ball 2-0: Ball 3-0: Base on Balls
|
Pitching: RHP Jack Elvidge
|
|
Batting: RHB Julián Vélez
|
0-0: SINGLE (Flyball, 9S, EV 85.6 MPH) Frank Ray to second Runner from 2nd tries for 3rd, SAFE, no throw by RF
|
Batting: RHB Gilberto Ortíz
|
0-0: Foul Ball, location: 2F 0-1: Ball 1-1: Ball 2-1: Ground out 1-3 (Groundball, P, EV 83.8 MPH)
|
Bottom of the 7th over - 0 runs, 1 hit, 0 errors, 2 left on base; Virginia Beach 3 - Providence 0 |
TOP OF THE 8TH |
Virginia Beach Whales batting - Pitching for Providence Pilgrims : RHP Rick Hubbard
|
Pitching: RHP Lúcio Salas
|
|
Batting: RHB Todd Walker
|
0-0: Ball 1-0: Foul Ball, location: 2F 1-1: Ball 2-1: Foul Ball, location: 2F 2-2: DOUBLE (Line Drive, 78D, EV 108.1 MPH)
|
Batting: RHB Paul Pitts
|
0-0: Intentional Walk
|
Batting: LHB Asberry Harpending
|
0-0: Foul Ball, location: 2F 0-1: Fielders Choice at 2nd, 3-6 (Groundball, 3, EV 81.2 MPH) Todd Walker to third
|
Batting: RHB Juan Oleastro
|
0-0: Called Strike 0-1: Swinging Strike 0-2: Ball 1-2: Foul Ball, location: 2F 1-2: Fly out, F3 (Popup, 3, EV 81.2 MPH)
|
Batting: RHB Roberto González
|
0-0: Ball 1-0: Ball 2-0: Called Strike 2-1: Foul Ball, location: 2F 2-2: Strikes out swinging
|
Top of the 8th over - 0 runs, 1 hit, 0 errors, 2 left on base; Virginia Beach 3 - Providence 0 |
BOTTOM OF THE 8TH |
Providence Pilgrims batting - Pitching for Virginia Beach Whales : RHP Jack Elvidge
|
Batting: RHB Jesse McCoy
|
0-0: Ball 1-0: Called Strike 1-1: Ball 2-1: Ground out 5-3 (Groundball, 56, EV 105.0 MPH)
|
Batting: LHB David Davis
|
0-0: Ball 1-0: Ball 2-0: Ground out 4-3 (Groundball, 34, EV 91.2 MPH)
|
Batting: RHB Carlos González
|
0-0: Swinging Strike 0-1: SINGLE (Line Drive, 89S, EV 99.4 MPH)
|
Batting: LHB César Valtez
|
0-0: Ball 1-0: Called Strike 1-1: Ball 2-1: Ball 3-1: Ground out 4-3 (Groundball, 4, EV 105.0 MPH)
|
Bottom of the 8th over - 0 runs, 1 hit, 0 errors, 1 left on base; Virginia Beach 3 - Providence 0 |
TOP OF THE 9TH |
Virginia Beach Whales batting - Pitching for Providence Pilgrims : RHP Lúcio Salas
|
Batting: RHB Nick Harper
|
0-0: Ball 1-0: Foul Ball, location: 2F 1-1: Called Strike 1-2: SINGLE (Line Drive, 8RS, EV 100.6 MPH)
|
Batting: RHB Jessie Gibbs
|
0-0: Sac Bunt to 23 - play at first, batter OUT! 3-4 Nick Harper to second
|
Batting: LHB Kalino Iolana
|
0-0: SINGLE (Groundball, 4M, EV 100.0 MPH) Nick Harper to third
|
Pitching: RHP Elvis King
|
|
Batting: RHB Óscar Cardozo
|
0-0: Called Strike 0-1: Ball 1-1: Ball 2-1: Ball 3-1: Foul Ball, location: 2F 3-2: Foul Ball, location: 2F Pickoff Throw to First - Error! E1 Nick Harper scores Kalino Iolana to second 3-2: SINGLE (Line Drive, 5D, EV 95.0 MPH) Kalino Iolana to third
|
Batting: RHB Todd Walker
|
0-0: Fly out, F7 (Flyball, 7LSF, EV 85.6 MPH)
|
Batting: RHB Paul Pitts
|
0-0: Ball 1-0: Ball 2-0: Ball 3-0: Base on Balls Óscar Cardozo to second
|
Batting: LHB Asberry Harpending
|
0-0: Foul Ball, location: 2F 0-1: Fielders Choice at 2nd, 6-4 (Groundball, 6, EV 81.9 MPH)
|
Top of the 9th over - 1 run, 3 hits, 1 error, 3 left on base; Virginia Beach 4 - Providence 0 |
BOTTOM OF THE 9TH |
Providence Pilgrims batting - Pitching for Virginia Beach Whales : RHP Jack Elvidge
|
Batting: RHB Gabriel Méndez
|
0-0: Called Strike 0-1: Ball 1-1: Foul Ball, location: 2F 1-2: Strikes out swinging
|
Batting: RHB Chris Hall
|
0-0: Called Strike 0-1: Swinging Strike 0-2: Strikes out swinging
|
Batting: RHB Frank Ray
|
0-0: Ground out 5-3 (Groundball, 56, EV 102.5 MPH)
|
Bottom of the 9th over - 0 runs, 0 hits, 0 errors, 0 left on base; Virginia Beach 4 - Providence 0 |
|